 Dungeon Crawl Stone Soup version 0.20-a0-1116-gaa52201 (webtiles) character file.

24 MenacingMecha the Skirmisher (level 2, -14/29 HPs)
             Began as a Troll Fighter on May 7, 2017.
             Demolished by a gnoll
             ... wielding a +0 halberd
              (15 damage)
             ... on level 2 of the Dungeon.
             The game lasted 00:02:13 (952 turns).

MenacingMecha the Skirmisher (Troll Fighter)         Turns: 952, Time: 00:02:13

Health: -14/29     AC:  5    Str: 23    XL:     2   Next: 79%
Magic:  0/1        EV:  8    Int:  4    God:
Gold:   67         SH:  8    Dex:  9    Spells: 1/1 levels left

rFire    . . .     SeeInvis .     - Unarmed
rCold    . . .     Gourm    +   b - +0 shield
rNeg     . . .     Faith    .   a - +0 robe
rPois    .         Spirit   +   (helmet restricted)
rElec    .         Reflect  .   (no cloak)
rCorr    .         Harm     .   (gloves unavailable)
MR       .....                  (boots unavailable)
Stlth    +.........             f - amulet of guardian spirit {Spirit}
Regen    0.5/turn               (no ring)
MPRegen  0.1/turn               (no ring)

@: no status effects
A: unfitting armour, claws 3, fast metabolism 3, gourmand, regeneration 1,
shaggy fur 1, tough skin 2
a: no special abilities


You were on level 2 of the Dungeon.
You were not hungry.

You visited 1 branch of the dungeon, and saw 2 of its levels.

You collected 67 gold pieces.

Inventory:

Hand Weapons
 h - a +0 club
   (You took it off a hobgoblin on level 1 of the Dungeon)
 n - a cursed +0 hand axe
   (You found it on level 1 of the Dungeon)
 r - a +0 dagger
   (You found it on level 2 of the Dungeon)
 s - a +0 club
   (You took it off a hobgoblin on level 2 of the Dungeon)
 t - a +0 club
   (You took it off a kobold on level 2 of the Dungeon)
 v - a +0 whip
   (You took it off a kobold on level 2 of the Dungeon)
Armour
 a - a +0 robe (worn)
 b - a +0 shield (worn)
Jewellery
 f - an amulet of guardian spirit (around neck) {Spirit}
   (You found it on level 1 of the Dungeon)
 l - an uncursed amulet of magic regeneration {unknown}
   (You found it on level 1 of the Dungeon)
Scrolls
 g - a scroll of remove curse {unknown}
 j - 4 scrolls of identify {unknown}
 m - a scroll of fog {unknown}
 o - a scroll of teleportation {unknown}
 q - a scroll of fear {unknown}
 u - a scroll of blinking {unknown}
Potions
 c - a potion of might
 e - a potion of resistance {unknown}
 i - a potion of haste {unknown}
 p - a potion of curing {unknown}
Comestibles
 d - 2 bread rations
 k - a royal jelly


   Skills:
 + Level 2.7 Fighting
 - Level 2.4 Dodging
 * Level 2.7 Shields
 * Level 2.6 Unarmed Combat


You had one spell level left.
You didn't know any spells.

Dungeon Overview and Level Annotations

Branches:
Dungeon (2/15)

Altars:


Innate Abilities, Weirdness & Mutations

You are too large for most types of armour.
You have claws for hands.
Your metabolism is lightning-fast.
You like to eat raw meat.
Your natural rate of healing is unusually fast.
You are covered in fur. (AC +1)
You have very tough skin. (AC +2)


Message History

You kill the frilled lizard!
No target in view!
No target in view!
No target in view!
No target in view!
No target in view!
No target in view!
No target in view!
No target in view!
No target in view!
No target in view!
No target in view!
No target in view!
No target in view!
No target in view!
No target in view!
No target in view!
No target in view!
No target in view!
No target in view!
No target in view!
No target in view!
No target in view!
No target in view!
s - a club
There are no items here.
A worm comes into view.
A worm is nearby!
The worm bites you.
You completely miss the worm. The worm barely misses you.
You claw the worm!
The worm is severely wounded.
Your shield prevents you from hitting the worm.
The worm is severely wounded.
The worm bites you but does no damage.
You claw the worm!
You kill the worm!
There isn't anything here!
A kobold comes into view. It is wielding a whip.
A kobold is nearby!
The kobold shouts!
You hear a shout!
You scratch the kobold but do no damage.
The kobold hits you with a whip.
You miss the kobold. The kobold hits you but does no damage.
You barely miss the kobold. The kobold closely misses you.
You scratch the kobold.
You kill the kobold!
A kobold comes into view. It is wielding a club.
Things that are here:
a whip; a kobold corpse You butcher the kobold corpse.
Things that are here:
a whip; 3 inedible chunks of flesh You see here a scroll labeled ROEGUK SUPH.
You claw the kobold!
You kill the kobold!
t - a club
u - a scroll labeled ROEGUK SUPH
v - a whip You see here 3 inedible chunks of flesh.
You now have 67 gold pieces (gained 5).
A ball python comes into view.
A ball python is nearby!
You scratch the ball python.
The ball python is moderately wounded.
You block the ball python's attack.
You scratch the ball python.
The ball python is severely wounded.
The ball python closely misses you.
You scratch the ball python.
You kill the ball python!
You see here a ball python corpse.
You enter a teleport trap!
The teleport trap disappears.
Your surroundings suddenly seem different.
An adder, a rat and 3 gnolls come into view.
The adder hisses angrily.
The gnoll shouts! x2
The gnoll moves out of view.
A hobgoblin comes into view. It is wielding a club.
Found 22 arrows.
Found a stone staircase leading down.
You closely miss the rat. The rat bites you but does no damage.
You mangle the rat!!
You kill the rat!
You closely miss the adder. You block the adder's attack.
The gnoll hits you from afar with a halberd!
A rat comes into view.
You scratch the adder but do no damage. You block the adder's attack.
The gnoll hits you from afar with a halberd.
The adder bites you.
You scratch the adder.
The adder is moderately wounded.
The adder bites you but does no damage.
The gnoll hits you from afar with a halberd!
* * * LOW HITPOINT WARNING * * *
You miss the adder.
The adder is moderately wounded.
The adder bites you.
* * * LOW HITPOINT WARNING * * *
The gnoll hits you from afar with a halberd!
Ouch! That really hurt!
You die...

### #.
....#########
#.# ..
#.......... #..#
.. #..#...#####
#...# ##.
#...###†..###
....# .. #...
###...# ...#.
#... ###.. #..#
..# # ###
..##.@##..##..#
#.....#Sg#......
#>...#.gg.#
#.(.#..##rg#
#..#... ...#
#.#.... ....#
#.##.## #.### #
#g .# ..


$g You could see 3 gnolls, an adder, a hobgoblin and a rat.

Vanquished Creatures
  A worm (D:2)
  A dart slug (D:1)
  A ball python (D:2)
  3 bats (D:1)
  4 giant cockroaches (D:1)
  2 hobgoblins
  A frilled lizard (D:2)
  3 kobolds
  2 rats (D:2)
18 creatures vanquished.

Notes
Turn   | Place    | Note
-------+----------+-------------------------------------------
     0 | D:1      | MenacingMecha the Troll Fighter began the quest for the Orb.
     0 | D:1      | Reached XP level 1. HP: 22/22 MP: 0/0
   236 | D:1      | Reached XP level 2. HP: 29/29 MP: 1/1
   951 | D:2      | HP: 3/29 [gnoll/halberd (12)]
   952 | D:2      | HP: 1/29 [adder (2)]
   952 | D:2      | Demolished by a gnoll

Vault maps used:
D:1:      dpeg_arrival_stonehenge_8_columns
D:2:      minivault_26, minmay_hexomino_f4

Action                   || total
-------------------------++-------
Melee: Unarmed           ||    65
  Eat: Chunk             ||     6
Armor: Robe              ||    32
Dodge: Dodged            ||    23
Block: Shield            ||    29

Vault maps used:
D:1:      dpeg_arrival_stonehenge_8_columns
D:2:      minivault_26, minmay_hexomino_f4

Table legend:
 A = Turns spent in this place as a percentage of turns spent in the entire game.
 B = Non-inter-level travel turns spent in this place as a percentage of non-inter-level travel turns spent in the entire game.
 C = Inter-level travel turns spent in this place as a percentage of turns spent in this place.
 D = Turns resting spent in this place as a percentage of non-inter-level travel turns spent in this place.
 E = Turns spent auto-exploring this place as a percentage of non-inter-level travel turns spent in this place.
 F = Non-inter-level travel turns spent in this place divided by the number of levels of this place that you've seen.
                   A       B       C       D       E      F
               +-------+-------+-------+-------+-------+----------------------
         Total | 100.0 | 100.0 |   0.4 |   0.0 |  12.6 | 115.5
       Dungeon | 100.0 | 100.0 |   0.4 |   0.0 |  12.6 | 115.5
               +-------+-------+-------+-------+-------+----------------------

Table legend:
 A = Kills in this place as a percentage of kills in entire the game.
 B = Kills by you in this place as a percentage of kills by you in the entire game.
 C = Kills by friends in this place as a percentage of kills by friends in the entire game.
 D = Other kills in this place as a percentage of other kills in the entire game.
 E = Experience gained in this place as a percentage of experience gained in the entire game.
 F = Experience gained in this place divided by the number of levels of this place that you have seen.
                   A       B       C       D       E      F
               +-------+-------+-------+-------+-------+----------------------
         Total | 100.0 | 100.0 |  -nan |  -nan | 100.0 |  17.5
       Dungeon | 100.0 | 100.0 |  -nan |  -nan | 100.0 |  17.5
               +-------+-------+-------+-------+-------+----------------------
